 Dungeon Crawl Stone Soup version 0.19-a0-1127-gac58878 (webtiles) character file.

3451 Ijustatesigmund the Basher (level 9, -10/72 HPs)
             Began as a Demonspawn Fighter on Aug 12, 2016.
             Was an Elder of Okawaru.
             Mangled by Aquadorian's ghost (20 damage)
             ... on level 8 of the Dungeon.
             The game lasted 00:21:58 (7384 turns).

Ijustatesigmund the Basher (Demonspawn Fighter)     Turns: 7384, Time: 00:21:58

Health: -10/72     AC: 19    Str: 16    XL:     9   Next: 78%
Magic:  12/12      EV:  8    Int: 10    God:    Okawaru [****..]
Gold:   333        SH:  5    Dex: 16    Spells: 0 memorised, 8 levels left

rFire  . . .     SeeInvis .     s - +1 flail (protect)
rCold  + . .     Gourm    .     j - +3 chain mail
rNeg   . . .     Faith    .     m - +0 buckler (curse)
rPois  .         Spirit   .     (helmet restricted)
rElec  .         Dismiss  .     e - +1 cloak {MR+}
rCorr  .         Reflect  .     (no gloves)
SustAt .         Harm     .     (no boots)
MR     +....                    n - amulet of rage
Stlth  ..........               (no ring)
                                i - ring of protection from cold

@: exhausted, hasted and slowed
A: antennae 2, claws 1, hooves 2, nightstalker 1
a: Heroism, Renounce Religion, Evoke Berserk Rage


You were on level 8 of the Dungeon.
You worshipped Okawaru.
Okawaru was greatly pleased with you.
You were not hungry.

You visited 1 branch of the dungeon, and saw 8 of its levels.

You collected 333 gold pieces.

Inventory:

Hand Weapons
 s - a +1 flail of protection (weapon)
Missiles
 k - 8 javelins (quivered)
Armour
 c - a +0 shield
 e - a +1 cloak of magic resistance (worn)
 j - a +3 chain mail (worn)
 m - a cursed +0 buckler (worn)
Jewellery
 g - an uncursed amulet of dismissal {unknown}
 i - a ring of protection from cold (left claw)
 n - an amulet of rage (around neck)
 v - an uncursed ring of ice
Wands
 b - a wand of iceblast (10/15)
 q - a wand of lightning (1/15)
 x - a wand of acid (8/15)
Scrolls
 h - a scroll of immolation
 l - 5 scrolls of remove curse
 t - 2 scrolls of amnesia
 u - a scroll of recharging
 y - a scroll of acquirement {unknown}
Potions
 a - a potion of haste
 d - 2 potions of might
 o - a potion of agility
 r - 2 potions of flight
 w - 3 potions of curing
 A - 2 potions of brilliance {unknown}
Comestibles
 f - 2 bread rations
 p - 2 meat rations
 z - a beef jerky
 B - 4 chunks of flesh


   Skills:
 + Level 7.1 Fighting
 * Level 8.9 Maces & Flails
 - Level 3.0 Throwing
 + Level 3.7 Armour
 + Level 3.1 Dodging
 + Level 3.6 Shields
 - Level 4.5 Invocations
 - Level 2.4 Evocations


You had 8 spell levels left.
You didn't know any spells.

Dungeon Overview and Level Annotations

Branches:
Dungeon (8/15)             Temple (0/1) D:5
   Lair: D:8-11

Altars:
Ashenzari
Elyvilon
Fedhas
Gozag
Okawaru
Qazlal
Trog
Uskayaw
Vehumet
Xom
The Shining One

Shops:
D:7 :

Annotations:
D:8 Aquadorian's ghost, novice TrBe


Innate Abilities, Weirdness & Mutations

You have a pair of antennae on your head.
You have sharp fingernails.
You have hoof-like feet.
You are slightly more attuned to the shadows.


Message History

You are feeling very hungry.
You can move again.
You see here an enchanted hand axe.
y - a scroll labeled OPAILOLLAS
Items here: ))) [[ †† Butcher an orc corpse? [(y)es/(c)hoosy/(n)o/(a)ll/(e)dible/(q)uit/?]
Butcher an orc corpse? [(y)es/(c)hoosy/(n)o/(a)ll/(e)dible/(q)uit/?]
You butcher the orc corpse. x2
B - 4 chunks of flesh;
B - 5 chunks of flesh (gained 1)
Items here: ))) [[ ÷ Unknown command.
You start resting.
Eating one of 5 chunks of flesh.
You start eating one of the 5 chunks of flesh.
You continue eating. x2
Aquadorian's ghost turns its malevolent gaze towards you.
You finish eating.
This raw flesh tastes terrible.
You start resting.
You feel yourself speed up. You block Aquadorian's ghost's attack.
Aquadorian's ghost hits you!!
You die...

.. ##.#### #....$#
##.##########
#.....#......
###)###......
#...W).......
##.@#.)..####
#.##........
#.###...####
#############...........
#...........#####...#.##
#.#.................#.#
#.#.#####.....##.#### #
#.#.# #.....#.##.# #.#.#
#.#...#.##.####


You could see Aquadorian's ghost.

Vanquished Creatures
  A manticore (D:6)
  Psyche (D:8)
  Grinder (D:5)
  Eustachio (D:4)
  Menkaure (D:4)
  A sky beast (D:6)
  5 orc warriors
  A phantom (D:6)
  A necrophage (D:6)
  3 centaurs
  Blork the orc (D:4)
  A big kobold (D:7)
  The ghost of Ijustatesigmund the Skirmisher, a weakling DsFi (D:3)
  A giant frog zombie (D:8)
  A howler monkey (D:4)
  4 crimson imps
  2 hounds
  2 jellies
  Crazy Yiuf (D:5)
  4 orc priests
  A centaur skeleton (D:8)
  4 orc wizards
  A giant frog skeleton (D:7)
  4 worker ants (D:4)
  A hound skeleton (D:6)
  2 worker ant zombies (D:6)
  10 gnolls
  12 adders
  2 shadow imps
  3 worms
  A dart slug (D:3)
  7 giant geckos
  24 orcs
  A ball python (D:7)
  9 bats
  8 giant cockroaches
  9 hobgoblins
  7 quokkas
  A giant gecko skeleton (D:4)
  9 giant newts
  5 goblins
  9 kobolds
  11 rats
175 creatures vanquished.

Notes
Turn   | Place    | Note
-------+----------+-------------------------------------------
     0 | D:1      | Ijustatesigmund the Demonspawn Fighter began the quest for the Orb.
     0 | D:1      | Reached XP level 1. HP: 18/18 MP: 1/1
    33 | D:1      | Reached skill level 2 in Maces & Flails
   191 | D:1      | Gained mutation: You have large cloven feet. [demonic ancestry]
   191 | D:1      | Reached XP level 2. HP: 24/24 MP: 2/2
   592 | D:2      | Reached XP level 3. HP: 22/29 MP: 3/3
   704 | D:2      | Reached skill level 3 in Maces & Flails
   846 | D:2      | Found a glowing golden altar of the Shining One.
   994 | D:3      | Gained mutation: You have a pair of small antennae on your head. [demonic ancestry]
   994 | D:3      | Reached XP level 4. HP: 35/36 MP: 4/4
  1154 | D:3      | Noticed Ijustatesigmund's ghost (weakling DsFi)
  1173 | D:3      | Killed Ijustatesigmund's ghost
  1173 | D:3      | Reached skill level 1 in Dodging
  1173 | D:3      | Reached skill level 1 in Evocations
  1534 | D:3      | Gained mutation: You have a pair of antennae on your head. [demonic ancestry]
  1534 | D:3      | Reached XP level 5. HP: 34/42 MP: 6/6
  1909 | D:3      | Found a white marble altar of Elyvilon.
  2049 | D:4      | Gained mutation: You have sharp fingernails. [demonic ancestry]
  2049 | D:4      | Reached XP level 6. HP: 10/48 MP: 7/7
  2306 | D:4      | Found an iron altar of Okawaru.
  2306 | D:4      | Found a shimmering altar of Xom.
  2362 | D:4      | Reached skill level 4 in Maces & Flails
  2483 | D:4      | Became a worshipper of Warmaster Okawaru
  2652 | D:4      | Found an opulent altar of Gozag.
  2881 | D:4      | Found a shattered altar of Ashenzari.
  2956 | D:4      | Reached skill level 1 in Invocations
  3029 | D:4      | Noticed Menkaure
  3035 | D:4      | Killed Menkaure
  3035 | D:4      | Reached * piety under Okawaru
  3035 | D:4      | Reached skill level 5 in Maces & Flails
  3035 | D:4      | Gained mutation: You have hoof-like feet. [demonic ancestry]
  3035 | D:4      | Reached XP level 7. HP: 55/55 MP: 8/8
  3362 | D:4      | Noticed Blork the orc
  3372 | D:4      | Killed Blork the orc
  3480 | D:5      | Entered Level 5 of the Dungeon
  3534 | D:5      | Found a staircase to the Ecumenical Temple.
  3632 | D:5      | Reached skill level 5 in Fighting
  3747 | D:5      | Noticed Grinder
  3759 | D:5      | Killed Grinder
  3759 | D:5      | Reached ** piety under Okawaru
  3759 | D:5      | Reached skill level 6 in Maces & Flails
  3759 | D:5      | Gained mutation: You are slightly more attuned to the shadows. [demonic ancestry]
  3759 | D:5      | Reached XP level 8. HP: 63/63 MP: 10/10
  3800 | D:5      | Noticed Eustachio
  3883 | D:4      | Killed Eustachio
  4159 | D:5      | Found a runed door.
  4164 | D:5      | Noticed Crazy Yiuf
  4177 | D:5      | Killed Crazy Yiuf
  4230 | D:5      | Found a radiant altar of Vehumet.
  4231 | D:5      | Found a hide-covered altar of Uskayaw.
  4286 | D:6      | Reached skill level 1 in Throwing
  4336 | D:6      | Reached skill level 7 in Maces & Flails
  4690 | D:6      | Found a blossoming altar of Fedhas.
  4690 | D:6      | Found a stormy altar of Qazlal.
  4824 | D:6      | Noticed a manticore
  4829 | D:6      | HP: 3/64 [manticore (9)]
  4833 | D:6      | Killed a manticore
  4833 | D:6      | Reached *** piety under Okawaru
  4833 | D:6      | Reached XP level 9. HP: 4/71 MP: 12/12
  5433 | D:6      | Reached skill level 8 in Maces & Flails
  5538 | D:6      | Found a bloodstained altar of Trog.
  6795 | D:7      | Found Quudgh's Book Shop.
  7143 | D:8      | Noticed Psyche
  7154 | D:8      | Killed Psyche
  7154 | D:8      | Reached **** piety under Okawaru
  7380 | D:8      | Noticed Aquadorian's ghost (novice TrBe)
  7384 | D:8      | Mangled by Aquadorian's ghost

Vault maps used:
D:1:      saegor_arrival_miasma
D:2:      tso_metal_star
D:3:      marbit_many_paths
D:4:      gammafunk_temple_overflow_elements, nicolae_overflow_crystal_walls,
          ashenzari_conservatory_becter, uniq_blork_the_orc, uniq_menkaure
D:5:      gammafunk_temple_overflow_pools, first_bread, uniq_crazy_yiuf_cottage,
          uniq_grinder, uniq_eustachio
D:6:      grunt_temple_overflow_forces_of_nature, trog_book
D:7:      serial_shops, nicolae_shop_behind_doors
D:8:      basic_altar, grunt_pizzeria, uniq_psyche

Skill      XL: |  1  2  3  4  5  6  7  8  9 |
---------------+----------------------------+-----
Maces & Flails | 2 3 5 6 7 8 |  8.9
Dodging        | 1 2 3 |  3.1
Evocations     | 1 2 |  2.4
Fighting       | 4 5 6 7 |  7.1
Invocations    | 1 3 4 |  4.5
Throwing       | 2 3 |  3.0
Armour         | 3 |  3.7
Shields        | 3 |  3.6

Action                   |  1- 3 |  4- 6 |  7- 9 || total
-------------------------+-------+-------+-------++-------
Melee: Flail             |   127 |   241 |   425 ||   793
       Kick              |    22 |    62 |   135 ||   219
Throw: Javelin           |       |     1 |    10 ||    11
Invok: Heroism           |       |       |     1 ||     1
 Abil: Evoke Berserk Rag |       |     5 |     4 ||     9
Evoke: Wand              |       |       |     1 ||     1
  Use: Scroll            |     5 |     5 |     3 ||    13
       Potion            |       |     6 |     3 ||     9
  Eat: Chunk             |     1 |     8 |    11 ||    20
       Beef jerky        |       |     1 |     1 ||     2
       Royal jelly       |       |       |     1 ||     1
       Fruit             |       |       |     4 ||     4
Armor: Scale mail        |    11 |       |       ||    11
       Chain mail        |    83 |   176 |   252 ||   511
Dodge: Dodged            |    24 |    46 |   128 ||   198
Block: Shield            |    56 |   119 |       ||   175
       Buckler           |       |       |   105 ||   105
